 Dungeon Crawl Stone Soup version 0.18.0-2-g198d6d4 (webtiles) character file.

835 varam the Digger (level 7, 40/40 HPs)
             Began as a Gargoyle Earth Elementalist on May 5, 2016.
             Quit the game in the Ecumenical Temple.
             The game lasted 00:26:57 (8803 turns).

varam the Digger (Gargoyle Earth Elementalist)      Turns: 8803, Time: 00:26:58

Health: 40/40      AC: 13    Str: 12    XL:     7   Next: 99%
Magic:  16/16      EV: 11    Int: 17    God:
Gold:   209        SH:  0    Dex: 10    Spells: 2 memorised, 14 levels left

rFire  . . .     SeeInvis .     t - +2 spear (flame)
rCold  . . .     Gourm    .     o - +3 leather armour
rNeg   + . .     Faith    .     (no shield)
rPois  ∞         Spirit   .     (no helmet)
rElec  +         Dismiss  .     (no cloak)
rCorr  .         Reflect  .     (no gloves)
SustAt .         Harm     .     w - +2 pair of boots
MR     .....                    (no amulet)
Stlth  ++........               (no ring)
                                g - ring of poison resistance

@: not resistant to hostile enchantments, unstealthy
A: negative energy resistance 1, electricity resistance, unbreathing,
petrification resistance, rot immunity, AC +4
a: no special abilities


You were in the Ecumenical Temple.
You were not hungry.

You visited 2 branches of the dungeon, and saw 6 of its levels.

You collected 209 gold pieces.

Inventory:

Hand Weapons
 r - a +0 whip
 t - a +2 spear of flaming (weapon)
Missiles
 b - 183 stones (quivered)
Armour
 a - a +0 robe
 f - a +2 pair of boots
 o - a +3 leather armour (worn)
 u - a +1 leather armour of fire resistance
 w - a +2 pair of boots (worn)
Jewellery
 g - a ring of poison resistance (left hand)
Scrolls
 h - a scroll of amnesia {unknown}
 i - 7 scrolls of identify {unknown}
 n - 2 scrolls of teleportation {unknown}
 p - a scroll of enchant weapon {unknown}
 s - a scroll of remove curse {unknown}
 y - 2 scrolls of random uselessness {unknown}
 z - a scroll of brand weapon {unknown}
 B - a scroll of noise {unknown}
Potions
 e - 2 potions of curing {unknown}
 j - a potion of agility {unknown}
 k - a potion of degeneration {unknown}
 m - a potion of heal wounds {unknown}
 q - a potion of cancellation {unknown}
 A - a potion of flight {unknown}
 C - a potion of haste {unknown}
Books
 c - a book of Geomancy

   Spells                             Type                      Level
   a - Sandblast                      Earth                        1
   b - Passwall                       Transmutation/Earth          2
   c - Stone Arrow                    Conjuration/Earth            3
   d - Petrify                        Transmutation/Earth          4
   e - Lee's Rapid Deconstruction     Earth                        5
Comestibles
 d - a bread ration
 l - 3 meat rations
 v - a slice of pizza
 x - 4 beef jerkies


   Skills:
 + Level 2.7 Fighting
 - Level 1.5 Dodging
 - Level 2.1 Stealth
 * Level 6.4 Spellcasting
   Level 0.7 Transmutations
 + Level 6.7 Earth Magic


You had 14 spell levels left.
You knew the following spells:

 Your Spells              Type           Power        Failure   Level  Hunger
a - Sandblast             Erth           ####..       1%          1    None
b - Stone Arrow           Conj/Erth      ###...       14%         3    ##.....


Dungeon Overview and Level Annotations

Branches:
Dungeon (5/15)             Temple (1/1) D:4

Altars:
Cheibriados
Dithmenos
Fedhas
Gozag
Kikubaaqudgha
Makhleb
Nemelex Xobeh
Pakellas
Qazlal
Sif Muna
Trog
Yredelemnul
Zin

Annotations:
D:4 barb4r1an's ghost, novice GrBe


Innate Abilities, Weirdness & Mutations

You are resistant to torment.
Your stone body is resilient (AC +4).
You are immune to poison.
You resist negative energy.
You are resistant to electric shocks.
You can survive without breathing.
You are immune to petrification.
You are immune to rotting.


Message History

Aiming: Stone Arrow
Press: ? - help, Shift-Dir - straight line, f/p - barb4r1an's ghost
Aim: barb4r1an's ghost The stone arrow hits barb4r1an's ghost.
Barb4r1an's ghost hits you!
There is a staircase to the Ecumenical Temple here.
Barb4r1an's ghost hits you.
You climb downwards.
Welcome to the Ecumenical Temple!
There is a staircase back to the Dungeon here.
You start resting.
All of the chunks of flesh in your inventory have rotted away.
Your magical contamination has completely faded away.
You start resting.
Magic restored.
You start resting.
HP restored.
There is a deep blue altar of Sif Muna here.
You kneel at the altar of Sif Muna.
Welcome back, varam the Gargoyle Earth Elementalist.
Press ? for a list of commands and other information.
Are you sure you want to abandon this character and quit the game? (Confirm with "yes".)

####≈.≈##≈##≈.§####
##≈§≈..§#...#...≈§≈#
#§≈§.._.8...8._..§≈≈
#≈§......._......§≈§
##≈.................≈
##≈................§§§
#≈.._..............._.
#≈...................
##8@..............8#
##...................
#≈.._......<......_..
##...................
##8...............8#
#≈...................
#≈.._..............._.
##≈...................
##≈................§§


There were no monsters in sight!

Vanquished Creatures
  A giant frog (D:5)
  A gnoll sergeant (D:3)
  2 gnoll shamans (D:3)
  2 orc priests
  3 orc wizards
  An iguana (D:4)
  A worker ant (D:4)
  30 gnolls
  4 adders (D:3)
  An ooze (D:4)
  4 worms
  A dart slug (D:4)
  A giant gecko (D:3)
  8 orcs
  5 giant cockroaches
  6 goblins
  8 hobgoblins
  33 jackals
  3 quokkas
  3 ball pythons
  4 bats
  2 giant gecko skeletons
  4 giant newts
  A jackal skeleton (D:5)
  5 kobolds
  6 rats
140 creatures vanquished.

Notes
Turn   | Place    | Note
--------------------------------------------------------------
     0 | D:1      | varam the Gargoyle Earth Elementalist began the quest for the Orb.
     0 | D:1      | Reached XP level 1. HP: 10/10 MP: 3/3
   274 | D:1      | Reached XP level 2. HP: 15/15 MP: 2/5
  1750 | D:2      | Reached XP level 3. HP: 16/19 MP: 2/7
  2233 | D:3      | Learned a level 3 spell: Stone Arrow
  2288 | D:3      | Reached XP level 4. HP: 16/24 MP: 4/9
  3228 | D:4      | Reached XP level 5. HP: 28/28 MP: 3/11
  4015 | D:3      | Reached skill level 5 in Earth Magic
  4015 | D:3      | Reached XP level 6. HP: 23/32 MP: 2/13
  4155 | D:3      | Reached skill level 5 in Spellcasting
  5148 | D:3      | Reached XP level 7. HP: 37/37 MP: 8/15
  5476 | D:3      | Reached skill level 1 in Fighting
  7040 | D:4      | Noticed barb4r1an's ghost (novice GrBe)
  7128 | D:4      | Found a staircase to the Ecumenical Temple.
  7134 | Temple   | Entered the Ecumenical Temple
  7505 | D:5      | Entered Level 5 of the Dungeon
  7619 | D:5      | Found an ancient bone altar of Kikubaaqudgha.
  8803 | Temple   | Upgraded the game from 0.18.0-1-g0107ab7 to 0.18.0-2-g198d6d4
  8803 | Temple   | Quit the game

Skill      XL: |  1  2  3  4  5  6  7 |
---------------+----------------------+-----
Spellcasting   | 3 4 5 6 |  6.4
Earth Magic    | 4 5 6 |  6.7
Fighting       | 2 |  2.7
Dodging        | |  1.5
Stealth        | |  2.1
Transmutations | |  0.7

Action                   |  1- 3 |  4- 6 |  7- 9 || total
-------------------------+-------+-------+-------++-------
Melee: Whip              |     5 |     8 |       ||    13
       Spear             |       |    50 |   110 ||   160
 Cast: Sandblast         |    61 |    21 |       ||    82
       Stone Arrow       |       |    49 |    53 ||   102
  Eat: Chunk             |     4 |     8 |    12 ||    24
       Bread ration      |       |     1 |     1 ||     2
Armor: Robe              |    21 |    39 |    31 ||    91
       Leather armour    |       |       |    34 ||    34
Dodge: Dodged            |    39 |    64 |    84 ||   187
